 Dungeon Crawl Stone Soup version 0.30-a0-860-g512cf1e979 (webtiles) character file.

Game seed: 5829409864742911560

46902 EiAlmux the Eclecticist (level 14, 0/78 HPs)
             Began as a Deep Elf Conjurer on Mar 7, 2023.
             Was an Elder of Vehumet.
             Slain by a skeletal warrior
             ... wielding a +0 hand axe
              (10 damage)
             ... on level 12 of the Dungeon.
             The game lasted 01:30:07 (24347 turns).

EiAlmux the Eclecticist (Deep Elf Conjurer)        Turns: 24347, Time: 01:30:08

Health: 0/78       AC: 20    Str:  6    XL:     14   Next: 6%
Magic:  0/35       EV:  8    Int: 27    God:    Vehumet [****..]
Gold:   995        SH:  0    Dex: 17    Spells: 15/43 levels left

rFire   x . .      SeeInvis .    V - staff of cold
rCold   + + +      Faith    .    (no shield)
rNeg    + . .      Spirit   +    I - +2 ice dragon scales
rPois   .          Reflect  .    v - +2 helmet
rElec   .          Rampage  .    h - +0 cloak
rCorr   .                        l - +0 pair of gloves
Will    ++...                    i - +1 pair of boots "Gab Gomu" {rN+ Dex+4 Stlth+}
Stlth   ++++                     s - amulet of guardian spirit
HPRegen 0.33/turn                u - ring of willpower
MPRegen 0.24/turn                U - ring of wizardry

@: studying Fire Magic
A: no striking features
a: Renounce Religion


You were on level 12 of the Dungeon.
You worshipped Vehumet.
Vehumet was greatly pleased with you.
You visited 3 branches of the dungeon, and saw 18 of its levels.

You collected 995 gold pieces.

Inventory:

Hand Weapons
 W - a +2 dagger of venom
Armour
 a - a +0 robe
 h - a +0 cloak (worn)
 i - the +1 pair of boots "Gab Gomu" (worn) {rN+ Dex+4 Stlth+}
   (You found it on level 1 of the Lair of Beasts)

   Dex:       It affects your dexterity (+4).
   rN:        It protects you from negative energy.
   Stlth:     It makes you more stealthy.
 l - a +0 pair of gloves (worn)
 v - a +2 helmet (worn)
 I - +2 ice dragon scales (worn)
 Z - the +3 leather armour "Teqeu" {rN++ Will- Dex+3}
   (You found it on level 1 of the Lair of Beasts)

   Dex:       It affects your dexterity (+3).
   rN:        It greatly protects you from negative energy.
   Will:      It decreases your willpower.
Magical Staves
 V - a staff of cold (weapon)
Jewellery
 e - a ring of positive energy
 s - an amulet of guardian spirit (around neck)
 u - a ring of willpower (left hand)
 y - a +6 ring of dexterity
 G - a ring of magical power
 L - a ring of flight
 P - a ring of fire
 R - a ring of ice
 U - a ring of wizardry (right hand)
Wands
 r - a wand of charming (16)
 C - a wand of polymorph (4)
 M - a wand of quicksilver (11)
 O - a wand of mindburst (13)
 Q - a wand of digging (4)
Scrolls
 c - 2 scrolls of noise
 g - 2 scrolls of silence
 j - 2 scrolls of summoning {unknown}
 k - 7 scrolls of blinking
 m - 4 scrolls of teleportation
 t - 2 scrolls of amnesia
 w - 4 scrolls of brand weapon
 x - a scroll of fog {unknown}
 z - 7 scrolls of enchant weapon
 B - 3 scrolls of enchant armour {unknown}
 D - 2 scrolls of poison {unknown}
 F - a scroll of vulnerability {unknown}
 H - 5 scrolls of immolation
 K - 2 scrolls of magic mapping
 S - 2 scrolls of identify
 T - a scroll of fear {unknown}
 X - a scroll of acquirement {unknown}
Potions
 d - 5 potions of degeneration
 n - 4 potions of attraction
 o - 7 potions of curing
 p - 4 potions of brilliance
 q - a potion of haste
 A - 4 potions of flight {unknown}
 E - a potion of cancellation {unknown}
 J - 2 potions of ambrosia
 N - a potion of berserk rage {unknown}
 Y - a potion of lignification {unknown}


   Skills:
 - Level 5.0 Fighting
 * Level 2.7 Staves
 * Level 4.7 Armour
 - Level 10.0 Dodging
 - Level 10.0 Stealth
 + Level 15.1 Spellcasting
 + Level 13.2 Conjurations
 - Level 7.0 Hexes
 - Level 5.0 Translocations
 + Level 10.2 Ice Magic
 - Level 5.0 Air Magic


You had 15 spell levels left.
You knew the following spells:

 Your Spells              Type           Power      Damage    Failure   Level
a - Freezing Cloud        Conj/Ice/Air   41%        6-21      4%          5
b - Frozen Ramparts       Ice            100%       1d16      1%          3
c - Ozocubu's Refrigerat  Ice            42%        4d16      52%         7
d - Iskenderun's Mystic   Conj/Tloc      62%        2d13      1%          4
e - Blink                 Tloc           94%        N/A       4%          2
f - Magic Dart            Conj           100%       1d8       1%          1
g - Searing Ray           Conj           100%       2d8       1%          2
h - Fulminant Prism       Conj/Hex       33%        3d15      1%          4

Your spell library contained the following spells:

 Spells                   Type           Power      Damage    Failure   Level
 Kiss of Death            Conj/Necr      100%       2d13      1%          1
 Momentum Strike          Conj/Tloc      100%       3d10      1%          2
 Dazzling Flash           Conj/Hex       100%       N/A       1%          3
 Ozocubu's Armour         Ice            85%        N/A       1%          3
 Lesser Beckoning         Tloc           94%        N/A       4%          2
 Confusing Touch          Hex            55%        N/A       4%          3
 Irradiate                Conj/Tmut      27%        3d20      12%         5
 Sublimation of Blood     Necr           20%        N/A       32%         2
 Dispel Undead            Necr           20%        3d11      89%         4
 Petrify                  Tmut/Erth      20%        N/A       89%         4
 Simulacrum               Ice/Necr       32%        N/A       98%         6
 Polar Vortex             Ice            42%        N/A       100%        9


Dungeon Overview and Level Annotations

Branches:
Dungeon (12/15)            Temple (1/1) D:7            Lair (5/5) D:8
 Shoals (0/4) Lair:2       Spider (0/4) Lair:2        Slime (0/5) Lair:4
    Orc: D:9-12

Altars:
Ashenzari
Cheibriados
Dithmenos
Elyvilon
Fedhas
Gozag
Hepliaklqana
Kikubaaqudgha
Makhleb
Nemelex Xobeh
Okawaru
Qazlal
Ru
Sif Muna
Trog
Uskayaw
Vehumet
Wu Jian
Xom
Yredelemnul
Zin
The Shining One

Shops:
D:4 *   D:5 (

Annotations:
D:9 exclusion: door
D:11 Psyche
Lair:3 exclusion: boulder beetle


Message History

The skeletal warrior is knocked back by the mystic blast.
You are engulfed in freezing vapours.
You resist.
The skeletal warrior is engulfed in freezing vapours.
The skeletal warrior hits you but does no damage.
Casting: Iskenderun's Mystic Blast (dangerous; 1% risk of failure)
Confirm with . or Enter, or press ? or * to list all spells.
Aiming: Freezing Cloud (dangerous; 4% risk of failure)
Press: ? - help, Dir - move target, f - skeletal warrior
Aim: a skeletal warrior, wielding a +0 hand axe You feel a surge of power!
You are engulfed in freezing vapours.
You resist.
The skeletal warrior is engulfed in freezing vapours. x2
The skeletal warrior hits you from afar with a +0 halberd!
The skeletal warrior is engulfed in freezing vapours.
You are engulfed in freezing vapours.
You resist.
The skeletal warrior hits you with a +0 war axe!
The skeletal warrior is engulfed in freezing vapours.
The skeletal warrior hits you from afar with a +0 halberd!
The skeletal warrior is engulfed in freezing vapours.
You can't go up here!
You are engulfed in freezing vapours.
You resist.
* * * LOW HITPOINT WARNING * * *
The skeletal warrior is engulfed in freezing vapours.
The skeletal warrior hits you with a +0 war axe!
* * * LOW HITPOINT WARNING * * *
The skeletal warrior is engulfed in freezing vapours.
The skeletal warrior hits you but does no damage.
The skeletal warrior is engulfed in freezing vapours.
The skeletal warrior barely misses you.
You climb downwards.
There is a stone staircase leading up, spattered with blood here.
Casting: Freezing Cloud (dangerous; 4% risk of failure)
Confirm with . or Enter, or press ? or * to list all spells.
You don't have enough magic to cast this spell.
Okay, then.
Really read the scroll of immolation?
As you read the scroll of immolation, it crumbles to dust.
The creatures around you are filled with an inner flame!
The skeletal warrior hits you but does no damage.
The skeletal warrior hits you with a +0 hand axe!
You die...

### #@#
......zz#
.######†#
#†# .†.
.†# ...
....


You could see 2 skeletal warriors.

Vanquished Creatures
  5 hydras
  A catoblepas (Lair:2)
  A two-headed ogre (D:10)
  Urug (Lair:5)
  Nergalle (D:11)
  2 goliath frogs (Lair:5)
  Amaemon (D:8)
  A skeletal warrior (D:12)
  10 black mambas
  6 elephants (Lair:5)
  Maurice (D:8)
  3 gargoyles
  A torpor snail (Lair:5)
  27 cane toads
  An orange demon (D:8)
  An unseen horror (D:11)
  2 rime drakes
  7 komodo dragons
  A polar bear (D:8)
  3 trolls
  2 tyrant leeches (Lair:5)
  2 hornets
  Grinder (D:4)
  26 blink frogs
  53 yaks
  Eustachio (D:5)
  A wraith (D:11)
  3 wyverns
  A steam dragon (D:6)
  6 vampire mosquitoes
  2 acid dragons (D:9)
  12 water moccasins
  3 orc warriors
  An ice beast (D:7)
  3 ogres
  A black bear (D:6)
  2 centaurs
  20 wolves
  2 phantoms
  2 kobold brigands
  16 bullfrogs
  6 killer bees (D:11)
  4 electric eels
  A centaur zombie (D:9)
  A jelly (D:6)
  6 orc priests
  A gnoll bouda (D:5)
  Ijyb (D:5)
  12 orc wizards
  3 bullfrog simulacra (D:5)
  2 centaur simulacra (D:5)
  Robin (D:3)
  A howler monkey zombie (D:9)
  8 adders
  3 gnolls (D:5)
  4 white imps
  An ufetubus (D:7)
  2 worms
  The ghost of fly the Sneak, a weakling DgDe (D:5)
  A dart slug (D:1)
  An adder simulacrum (D:5)
  37 orcs
  6 endoplasms
  22 goblins
  6 hobgoblins
  17 kobolds
  4 quokkas
  10 ball pythons
  4 bats (D:1)
  3 frilled lizards
  7 rats
412 creatures vanquished.

Vanquished Creatures (others)
  76 fulminant prisms
  23 fungi
  93 plants
192 creatures vanquished.

Grand Total: 604 creatures vanquished

Notes
Turn   | Place    | Note
-------+----------+-------------------------------------------
     0 | D:1      | EiAlmux the Deep Elf Conjurer began the quest for the Orb.
     0 | D:1      | Reached XP level 1. HP: 10/10 MP: 6/6
   247 | D:1      | Reached XP level 2. HP: 16/16 MP: 2/8
   446 | D:1      | Reached skill level 1 in Fighting
   783 | D:1      | Reached XP level 3. HP: 20/20 MP: 7/9
   815 | D:1      | Learned a level 2 spell: Searing Ray
  2296 | D:3      | Found a sacrificial altar of Ru.
  2347 | D:3      | Reached XP level 4. HP: 26/26 MP: 8/11
  2390 | D:3      | Reached skill level 1 in Hexes
  2424 | D:3      | Noticed Robin
  2443 | D:3      | Killed Robin
  2724 | D:3      | Reached skill level 4 in Spellcasting
  3129 | D:4      | Noticed a phantom
  3135 | D:4      | Killed a phantom
  3136 | D:4      | Reached skill level 5 in Conjurations
  3136 | D:4      | Reached XP level 5. HP: 25/30 MP: 5/13
  3241 | D:4      | Learned a level 4 spell: Fulminant Prism
  3253 | D:4      | Found Ziacigif's Elemental Accessories.
  3255 | D:4      | Found a blossoming altar of Fedhas.
  3637 | D:3      | Reached XP level 6. HP: 33/35 MP: 1/14
  3732 | D:3      | Learned a level 4 spell: Iskenderun's Mystic Blast
  3735 | D:3      | Learned a level 2 spell: Blink
  3769 | D:4      | Found a sparkling altar of Nemelex Xobeh.
  4019 | D:4      | Noticed Grinder
  4032 | D:4      | Killed Grinder
  4033 | D:4      | Reached skill level 1 in Translocations
  4033 | D:4      | Reached XP level 7. HP: 29/40 MP: 2/16
  4374 | D:5      | Entered Level 5 of the Dungeon
  4436 | D:5      | Reached skill level 5 in Stealth
  4436 | D:5      | Reached skill level 5 in Spellcasting
  4601 | D:5      | Found a runed translucent gate.
  4601 | D:5      | Found a runed translucent gate.
  4601 | D:5      | Found a runed translucent gate.
  4638 | D:5      | Noticed fly's ghost (weakling DgDe)
  4649 | D:5      | Found a radiant altar of Vehumet.
  4655 | D:5      | Became a worshipper of Vehumet
  4759 | D:5      | Found Ypuaxom's Antique Weapon Shop.
  4777 | D:5      | Noticed Ijyb
  4782 | D:5      | Killed Ijyb
  4842 | D:5      | Noticed Eustachio
  4870 | D:5      | Reached skill level 5 in Dodging
  5066 | D:5      | Found a shimmering blue altar of Sif Muna.
  5484 | D:6      | Found a large runed translucent door.
  5485 | D:6      | Found a large runed translucent door.
  5506 | D:6      | Found a broken altar of Ashenzari.
  5589 | D:6      | Reached skill level 1 in Armour
  5871 | D:6      | Noticed a steam dragon
  5900 | D:6      | Reached XP level 8. HP: 44/44 MP: 11/18
  6150 | D:6      | Reached skill level 6 in Spellcasting
  6841 | D:7      | Noticed a hornet
  6880 | D:7      | Found a staircase to the Ecumenical Temple.
  7017 | D:7      | Identified the ring "Hem Sacae" {*Corrode rC+ Str+2 Slay+4}
  7375 | Temple   | Entered the Ecumenical Temple
  7431 | D:8      | Found a staircase to the Lair.
  7892 | D:8      | Found a burning altar of Makhleb.
  8100 | D:8      | Noticed Amaemon
  8328 | D:9      | Noticed a hornet
  8397 | D:9      | Found a stormy altar of Qazlal.
  8765 | D:9      | Noticed Maurice
  9343 | Lair:1   | Entered Level 1 of the Lair of Beasts
  9361 | Lair:1   | Reached skill level 7 in Spellcasting
  9369 | Lair:1   | Reached XP level 9. HP: 52/52 MP: 20/21
  9521 | Lair:1   | Noticed a polar bear
  9686 | D:8      | Killed a polar bear
  9787 | D:8      | Killed Maurice
 10793 | Lair:1   | Identified the +1 pair of boots "Gab Gomu" {rN+ Dex+4
                  | Stlth+}
 10830 | Lair:1   | Reached skill level 5 in Fighting
 10837 | Lair:1   | Reached skill level 8 in Spellcasting
 10837 | Lair:1   | Reached skill level 5 in Hexes
 11075 | Lair:1   | Noticed a black mamba
 11363 | D:5      | Killed Eustachio
 11426 | D:5      | Killed fly's ghost
 11729 | D:6      | Found an opulent altar of Gozag.
 11732 | D:6      | Found a white marble altar of Elyvilon.
 11954 | D:7      | Reached XP level 10. HP: 59/59 MP: 24/24
 12070 | D:9      | Reached * piety under Vehumet
 12070 | D:9      | Offered knowledge of Shock by Vehumet.
 12071 | D:9      | Reached skill level 9 in Spellcasting
 12498 | D:9      | Found a glowing silver altar of Zin.
 12641 | D:9      | Found a snail-covered altar of Cheibriados.
 12783 | D:9      | Found an iron altar of Okawaru.
 13003 | D:9      | Found a basalt altar of Yredelemnul.
 13173 | D:10     | Entered Level 10 of the Dungeon
 13180 | D:10     | Noticed a two-headed ogre
 13186 | D:10     | Killed a two-headed ogre
 13332 | D:10     | Noticed a gargoyle
 14104 | D:11     | Reached skill level 10 in Spellcasting
 14109 | D:11     | Reached skill level 5 in Translocations
 14245 | D:11     | Noticed Psyche
 14318 | Lair:1   | Killed a black mamba
 14543 | Lair:1   | Identified the +3 leather armour "Teqeu" {rN++ Will- Dex+3}
 14617 | Lair:1   | Reached XP level 11. HP: 61/63 MP: 27/27
 14847 | Lair:1   | Learned a level 5 spell: Freezing Cloud
 14978 | Lair:2   | Noticed a seven-headed hydra
 14981 | Lair:2   | Reached skill level 1 in Ice Magic
 14981 | Lair:2   | Reached skill level 1 in Air Magic
 15480 | Lair:1   | Reached ** piety under Vehumet
 15563 | Lair:1   | Offered knowledge of Sandblast by Vehumet.
 15753 | Lair:2   | Reached skill level 11 in Spellcasting
 15760 | Lair:2   | Noticed a catoblepas
 16113 | Lair:2   | Reached skill level 10 in Conjurations
 16113 | Lair:2   | Reached skill level 5 in Ice Magic
 16202 | Lair:2   | Found a staircase to the Shoals.
 16221 | Lair:2   | Found a hole to the Spider Nest.
 16221 | Lair:2   | Noticed a wolf spider
 16710 | Lair:2   | Killed a catoblepas
 16714 | Lair:2   | Killed a seven-headed hydra
 16981 | Lair:3   | Reached XP level 12. HP: 68/68 MP: 22/29
 17166 | Lair:3   | Noticed a boulder beetle
 17240 | Lair:3   | You fall into a shaft and drop 1 floor!
 17382 | Lair:3   | Offered knowledge of Scorch by Vehumet.
 17507 | Lair:3   | Noticed a five-headed hydra
 17514 | Lair:3   | Killed a five-headed hydra
 18384 | Lair:3   | Reached skill level 10 in Stealth
 18384 | Lair:3   | Reached skill level 5 in Air Magic
 18832 | Lair:3   | Found the +8 whip "Snakebite" {venom, curare, rPois}
 19047 | Lair:4   | Reached *** piety under Vehumet
 19048 | Lair:4   | Reached skill level 12 in Spellcasting
 19101 | Lair:4   | Noticed a six-headed hydra
 19108 | Lair:4   | Killed a six-headed hydra
 19348 | Lair:4   | Found a staircase to the Slime Pits.
 19686 | Lair:4   | Offered knowledge of Mephitic Cloud by Vehumet.
 20039 | Lair:5   | Entered Level 5 of the Lair of Beasts
 20103 | Lair:5   | Reached skill level 10 in Dodging
 20369 | Lair:5   | Reached XP level 13. HP: 72/72 MP: 22/31
 20485 | Lair:5   | Noticed Urug
 20537 | Lair:5   | Killed Urug
 20665 | Lair:5   | Reached **** piety under Vehumet
 20823 | Lair:5   | Reached skill level 13 in Spellcasting
 21026 | Lair:5   | Offered knowledge of Frozen Ramparts by Vehumet.
 21030 | Lair:5   | Reached skill level 10 in Ice Magic
 21041 | Lair:5   | Learned a level 3 spell: Frozen Ramparts
 21188 | Lair:5   | Reached skill level 14 in Spellcasting
 21873 | Lair:5   | Learned a level 7 spell: Ozocubu's Refrigeration
 22308 | Lair:5   | Reached skill level 1 in Staves
 22816 | D:8      | Killed Amaemon
 22818 | D:8      | Reached skill level 15 in Spellcasting
 23589 | D:11     | Noticed Nergalle
 23596 | D:11     | Killed Nergalle
 23778 | D:11     | Reached XP level 14. HP: 31/78 MP: 5/35
 24347 | D:12     | Slain by a skeletal warrior

Illustrated notes

Levels and vault maps discovered:
D:1:      ebering_trefoil_twist, layout_basic, minivault_5,
          minmay_misc_feat_diagonals, hangedman_glass_teeth
D:2:      layout_basic, minivault_23, chequers_serial_rivers_micro_c
D:3:      layout_rooms, marbit_many_paths, kennysheep_doodads, uniq_robin
D:4:      layout_cave_pools, mainiacjoe_overflow_large_starburst,
          nicolae_elemental_shop, uniq_grinder
D:5:      layout_basic, mainiacjoe_overflow_24_doors, kennysheep_mini,
          gammafunk_ghost_icy, serial_shops, shop, uniq_eustachio, uniq_ijyb
D:6:      layout_basic, jmf_multi_god_temple2, old_standard_altar,
          hangedman_decor_slide_cut, serial_park_tiny_pond
D:7:      layout_basic, minmay_temple_entry_large_hall
D:8:      layout_gridville, old_standard_altar, lair_entry_dummy, uniq_amaemon
D:9:      layout_roguey, lemuel_zombie_altar_yredelemnul,
          mainiacjoe_overflow_concentric_impassable, zin_academy,
          mainiacjoe_overflow_catch_the_wave, serial_bayou, serial_bayou_pond_b,
          serial_bayou_crossing, serial_bayou_pond_d, serial_bayou_shore_b,
          serial_bayou_lagoon_a, uniq_maurice
D:10:     layout_irregular_city
D:11:     layout_stronghold, kennysheep_orc_monster_closet_entryway,
          uniq_nergalle, uniq_psyche
D:12:     layout_basic, serial_shops, nicolae_shop_hallway_plus, uniq_azrael,
          uniq_frances
Temple:   hellmonk_temple_micro_hex
Lair:1:   layout_regular_city, infiniplex_staircase_pool, grunt_megastairs_1
Lair:2:   layout_cave_shapes, shoals_dummy_entry, spider_nest_entry_rubble,
          serial_bayou_pond_c, chequers_serial_rivers_small_3,
          grunt_megastairs_3, infiniplex_staircase_pool_2, serial_bayou_shore_a,
          lemuel_fruit_tree
Lair:3:   minmay_guarded_unrand_snakebite, layout_misc_corridors
Lair:4:   layout_long_grid, slime_entry_1, patterned_corridor
Lair:5:   minmay_lair_end_frog_pond, layout_cave_pods, uniq_urug

Skill      XL: |  1  2  3  4  5  6  7  8  9 10 11 12 13 |
---------------+----------------------------------------+-----
Fighting       | 1 2 3 5 |  5.0
Stealth        | 3 4 5 7 9 10 | 10.0
Hexes          | 2 3 5 7 |  7.0
Spellcasting   | 4 5 7 8 10 11 12 15 | 15.1
Conjurations   | 5 6 8 9 10 11 13 | 13.2
Dodging        | 3 4 5 7 8 10 | 10.0
Translocations | 1 2 3 4 5 |  5.0
Armour         | 2 3 4 |  4.7
Ice Magic      | 5 8 10 | 10.2
Air Magic      | 3 5 |  5.0
Staves         | 2 |  2.7

Action                     |  1- 3 |  4- 6 |  7- 9 | 10-12 | 13-15 || total
---------------------------+-------+-------+-------+-------+-------++-------
  Melee: Dagger            |     2 |    10 |     5 |       |       ||    17
         Staff             |       |       |       |     9 |    13 ||    22
   Cast: Magic Dart        |    80 |    76 |    81 |    64 |     7 ||   308
         Searing Ray       |       |    18 |    67 |    30 |       ||   115
         Blink             |       |     1 |    15 |     5 |       ||    21
         Fulminant Prism   |       |       |    17 |    59 |       ||    76
         Iskenderun's Myst |       |       |       |    44 |    34 ||    78
         Freezing Cloud    |       |       |       |    68 |    86 ||   154
         Frozen Ramparts   |       |       |       |       |     4 ||     4
  Evoke: Wand              |       |       |     3 |       |       ||     3
    Use: Scroll            |       |     3 |    11 |     2 |     1 ||    17
         Potion            |       |       |     2 |     3 |     4 ||     9
 Armour: Robe              |     2 |       |    10 |     2 |       ||    14
         Leather armour    |       |    12 |    33 |    29 |     6 ||    80
         Ice dragon scales |       |       |       |       |    30 ||    30
  Dodge: Dodged            |     4 |    20 |    85 |    90 |    22 ||   221

Table legend: (Time is in decaauts)
 A = Elapsed time spent in this place.
 B = Non-inter-level travel time spent in this place.
 C = Inter-level travel time spent in this place.
 D = Time resting spent in this place.
 E = Time spent auto-exploring this place.
 F = Levels seen in this place.
 G = Mean time per level.
                   A        B        C        D        E       F      G
               +--------+--------+--------+--------+--------+-----+--------+
         Total |  24394 |  23102 |   1292 |   4418 |  15282 |  18 | 1355.2 |
       Dungeon |  14766 |  13889 |    877 |   2757 |   9255 |  12 | 1230.5 |
        Temple |      1 |      1 |      0 |      0 |      0 |   1 |    1.0 |
          Lair |   9626 |   9212 |    414 |   1661 |   6027 |   5 | 1925.2 |
               +--------+--------+--------+--------+--------+-----+--------+

Top non-repeatable levels by time:
  Lair:1: 2853 daAuts
  Lair:5: 2627 daAuts
     D:8: 2448 daAuts
  Lair:3: 1964 daAuts
     D:9: 1729 daAuts
     D:5: 1330 daAuts
    D:10: 1310 daAuts
     D:6: 1250 daAuts
  Lair:4: 1203 daAuts
     D:3: 1142 daAuts
     D:1: 1133 daAuts
     D:2: 1117 daAuts
     D:7: 1090 daAuts
     D:4: 1058 daAuts
  Lair:2: 977 daAuts
